 Dungeon Crawl Stone Soup version 0.19-a0-746-g995b792 (webtiles) character file.

405 TheGoonsmith the Cudgeler (level 6, -1/51 HPs)
             Began as a Minotaur Hunter on June 24, 2016.
             Slain by TheGoonsmith's ghost (7 damage)
             ... on level 3 of the Dungeon.
             The game lasted 00:04:57 (3402 turns).

TheGoonsmith the Cudgeler (Minotaur Hunter)         Turns: 3402, Time: 00:04:58

Health: -1/51      AC:  5    Str: 20    XL:     6   Next: 56%
Magic:  5/5        EV:  8    Int:  8    God:
Gold:   156        SH:  0    Dex: 11    Spells: 0 memorised, 5 levels left

rFire  . . .     SeeInvis .     a - +2 mace (crush)
rCold  . . .     Gourm    .     n - +0 chain mail
rNeg   . . .     Faith    .     (no shield)
rPois  .         Spirit   .     (helmet restricted)
rElec  .         Dismiss  .     (no cloak)
rCorr  .         Reflect  .     (no gloves)
SustAt .         Harm     .     m - +0 pair of boots
MR     .....                    (no amulet)
Stlth  ..........               h - +2 ring of strength
                                e - ring of loudness (curse)

@: not resistant to hostile enchantments, extremely unstealthy
A: retaliatory headbutt, claws 1, horns 2, deformed body, MP-powered wands
a: no special abilities


You were on level 3 of the Dungeon.
You were not hungry.

You visited 1 branch of the dungeon, and saw 3 of its levels.

You collected 156 gold pieces.

Inventory:

Hand Weapons
 a - a +2 mace of crushing (weapon)
 b - a +1 shortbow
 g - a +0 short sword
Missiles
 d - 32 arrows
Armour
 c - a +0 leather armour
 m - a +0 pair of boots (worn)
 n - a +0 chain mail (worn)
Jewellery
 e - a cursed ring of loudness (left claw)
 h - a +2 ring of strength (right claw)
Scrolls
 o - a scroll of teleportation {unknown}
Potions
 q - a potion of brilliance
 r - a potion of magic
 s - a potion of lignification {unknown}
Comestibles
 f - 4 bread rations
 p - a beef jerky


   Skills:
 - Level 3.0 Fighting
 + Level 7.4 Maces & Flails
 - Level 5.0 Bows
 - Level 2.1 Dodging
 - Level 0.7 Stealth


You had 5 spell levels left.
You didn't know any spells.

Dungeon Overview and Level Annotations

Branches:
Dungeon (3/15)

Altars:
Elyvilon
Fedhas
Gozag
Trog
Yredelemnul

Annotations:
D:3 TheGoonsmith's ghost, amateur MfSk


Innate Abilities, Weirdness & Mutations

You reflexively headbutt those who attack you in melee.
You have a pair of horns on your head.
You have sharp fingernails.
Armour fits poorly on your strangely shaped body.
You expend magic power (3 MP) to strengthen your wands.


Message History

You barely miss TheGoonsmith's ghost.
TheGoonsmith's ghost is moderately damaged.
TheGoonsmith's ghost hits you.
You hit TheGoonsmith's ghost but do no damage.
Your headbutt misses TheGoonsmith's ghost.
TheGoonsmith's ghost is moderately damaged.
TheGoonsmith's ghost hits you!
You miss TheGoonsmith's ghost. You headbutt TheGoonsmith's ghost.
TheGoonsmith's ghost is heavily damaged.
TheGoonsmith's ghost hits you!
You barely miss TheGoonsmith's ghost.
You headbutt TheGoonsmith's ghost, but do no damage.
TheGoonsmith's ghost is heavily damaged.
TheGoonsmith's ghost hits you!
* * * LOW HITPOINT WARNING * * *
You hit TheGoonsmith's ghost but do no damage.
Your headbutt misses TheGoonsmith's ghost.
TheGoonsmith's ghost is heavily damaged.
TheGoonsmith's ghost hits you!
You die...

#.#.# =#
########.#.#..#
.........#S#((
######..#.#.# ####
#^.......#.#
##..(##.###..###.#
#...8.#.# ##.S.#l#
........# #..W#W#
._.....+#####.<#@#
..........)....#.#
#...8.#..####..#.#
##...##..# #..#.#
.#### ####
##.#.########
....# #)#.........
....# #)#.########
....##########.#.#
.....#.........#.#


You could see TheGoonsmith's ghost and a giant gecko.

Vanquished Creatures
  2 eyes of draining (D:3)
  An orc wizard (D:3)
  Ijyb (D:3)
  Robin (D:2)
  4 gnolls
  An adder (D:3)
  3 worms
  2 dart slugs
  3 giant geckos
  8 orcs (D:3)
  8 bats
  2 giant cockroaches
  16 goblins
  13 hobgoblins
  6 jackals
  2 quokkas
  6 giant newts
  4 kobolds
  7 rats
90 creatures vanquished.

Notes
Turn   | Place    | Note
--------------------------------------------------------------
     0 | D:1      | TheGoonsmith the Minotaur Hunter began the quest for the Orb.
     0 | D:1      | Reached XP level 1. HP: 18/18 MP: 0/0
   126 | D:1      | Reached XP level 2. HP: 23/25 MP: 1/1
   179 | D:1      | Reached skill level 5 in Bows
   410 | D:1      | Reached skill level 1 in Maces & Flails
   539 | D:2      | Reached XP level 3. HP: 28/31 MP: 2/2
   645 | D:2      | Found a basalt altar of Yredelemnul.
   684 | D:2      | Reached skill level 2 in Maces & Flails
   958 | D:2      | Found an opulent altar of Gozag.
  1508 | D:2      | Reached skill level 3 in Maces & Flails
  1593 | D:3      | Noticed Robin
  1602 | D:2      | Reached XP level 4. HP: 16/38 MP: 3/3
  1607 | D:2      | Gained mutation: Armour fits poorly on your strangely shaped body. [potion of mutation]
  1607 | D:2      | Gained mutation: You have sharp fingernails. [potion of mutation]
  1607 | D:2      | Gained mutation: You expend magic power (3 MP) to strengthen your wands. [potion of mutation]
  1611 | D:2      | Killed Robin
  1764 | D:3      | Noticed an eye of draining
  1769 | D:3      | Noticed an eye of draining
  1775 | D:3      | Killed an eye of draining
  1775 | D:3      | Reached skill level 5 in Maces & Flails
  1775 | D:3      | Reached XP level 5. HP: 39/45 MP: 0/4
  1776 | D:3      | Found a bloodstained altar of Trog.
  1788 | D:3      | Killed an eye of draining
  1788 | D:3      | Reached skill level 6 in Maces & Flails
  1788 | D:3      | Reached XP level 6. HP: 46/51 MP: 0/5
  1858 | D:3      | Noticed TheGoonsmith's ghost (amateur MfSk)
  2190 | D:3      | Found a blossoming altar of Fedhas.
  3094 | D:3      | Reached skill level 7 in Maces & Flails
  3207 | D:3      | Found a white marble altar of Elyvilon.
  3370 | D:3      | Noticed Ijyb
  3378 | D:3      | Killed Ijyb
  3402 | D:3      | Slain by TheGoonsmith's ghost

Vault maps used:
D:1:      minmay_arrival_glassed_features
D:2:      nicolae_overflow_crystal_walls, grunt_gozag_breadcrumbs
D:3:      fedhas_altar_2, elyvilon_altar_1, first_bread, trog_eyes_of_draining,
          uniq_iyjb, uniq_natasha, uniq_robin

Skill      XL: |  1  2  3  4  5  6 |
---------------+-------------------+-----
Fighting       | 3 |  3.0
Bows           | 5 |  5.0
Maces & Flails | 1 3 5 6 7 |  7.4
Dodging        | |  2.1
Stealth        | |  0.7

Action                   |  1- 3 |  4- 6 || total
-------------------------+-------+-------++-------
Melee: Mace              |    72 |   123 ||   195
       Short sword       |     2 |       ||     2
       Headbutt          |     9 |    30 ||    39
 Fire: Shortbow          |    28 |    11 ||    39
  Use: Potion            |       |     3 ||     3
       Scroll            |       |     3 ||     3
  Eat: Chunk             |     2 |     6 ||     8
Armor: Leather armour    |    24 |       ||    24
       Chain mail        |    19 |    45 ||    64
Dodge: Dodged            |    50 |    44 ||    94
